 Dungeon Crawl Stone Soup version 0.29-a0-330-g52719c12eb (webtiles) character file.

Game seed: 17754995609299883271

88 Gwenloh the Digger (level 4, -2/26 HPs)
             Began as a Gargoyle Earth Elementalist on May 14, 2022.
             Slain by Crazy Yiuf
             ... wielding a +2 quarterstaff of chaos
              (4 damage)
             ... on level 2 of the Dungeon.
             The game lasted 00:07:27 (3333 turns).

Gwenloh the Digger (Gargoyle Earth Elementalist)    Turns: 3333, Time: 00:07:28

Health: -2/26      AC:  5    Str: 11    XL:     4   Next: 54%
Magic:  7/7        EV: 11    Int: 18    God:
Gold:   82         SH:  0    Dex: 10    Spells: 2/8 levels left

rFire   . . .      SeeInvis .   a - +0 whip
rCold   . . .      Faith    .   (no shield)
rNeg    + + .      Spirit   .   l - +0 robe
rPois   ∞          Reflect  .   (no helmet)
rElec   +          Harm     .   (no cloak)
rCorr   .          Rampage  .   (no gloves)
Will    .....                   (no boots)
Stlth   ++........              (no amulet)
HPRegen 0.08/turn               n - ring of positive energy
MPRegen 0.10/turn               (no ring)

@: no status effects
A: sickness immunity, AC +3, negative energy resistance 1, electricity
resistance, torment resistance 1, petrification resistance
a: no special abilities


You were on level 2 of the Dungeon.
You visited 1 branch of the dungeon, and saw 2 of its levels.

You collected 82 gold pieces.

Inventory:

Hand Weapons
 a - a +0 whip (weapon)
 b - a +0 hunting sling
 h - a +0 dagger
Missiles
 d - 7 poisoned darts
 p - 35 stones
Armour
 l - a +0 robe (worn)
Jewellery
 n - a ring of positive energy (left hand)
Scrolls
 f - 2 scrolls of teleportation {unknown}
 g - 2 scrolls of vulnerability {unknown}
 j - a scroll of amnesia {unknown}
 q - a scroll of identify {unknown}
Potions
 e - a potion of might {unknown}
 i - a potion of ambrosia {unknown}
 k - a potion of attraction {unknown}
 m - a potion of invisibility {unknown}
 o - 2 potions of curing {unknown}
 r - a potion of brilliance {unknown}


   Skills:
 + Level 1.8 Fighting
 - Level 1.5 Dodging
 - Level 2.1 Stealth
 + Level 2.6 Spellcasting
 + Level 1.2 Conjurations
 - Level 0.7 Transmutations
 * Level 5.0 Earth Magic


You had 2 spell levels left.
You knew the following spells:

 Your Spells              Type           Power      Damage    Failure   Level
a - Sandblast             Erth           40%        2d10      2%          1
b - Passwall              Tmut/Erth      10%        N/A       8%          2
c - Stone Arrow           Conj/Erth      26%        3d8       14%         3

Your spell library contained the following spells:

 Spells                   Type           Power      Damage    Failure   Level
 Petrify                  Tmut/Erth      12%        N/A       45%         4


Dungeon Overview and Level Annotations

Branches:
Dungeon (2/15)

Altars:

Annotations:
D:2 Crazy Yiuf


Innate Abilities, Weirdness & Mutations

You are immune to sickness and miasma.
Your stone body is resilient. (AC +3)
You are immune to poison.
You resist negative energy. (rN+)
You are resistant to electric shocks. (rElec)
You are resistant to unholy torment.
You are immune to petrification.


Message History

Casting: Sandblast (safe; 2% risk of failure)
Confirm with . or Enter, or press ? or * to list all spells.
Aiming: Sandblast (safe; 2% risk of failure)
Press: ? - help, Shift-Dir - straight line, f/p - Crazy Yiuf
Aim: Crazy Yiuf, wielding a +2 quarterstaff of chaos and wearing a +0 cloak (heavily wounded, 83% to hit)
The blast of sand hits Crazy Yiuf.
Crazy Yiuf is severely wounded.
Crazy Yiuf hits you with a +2 quarterstaff of chaos!
You feel your power leaking away.
Casting: Sandblast (safe; 2% risk of failure)
Confirm with . or Enter, or press ? or * to list all spells.
You don't have enough magic to cast this spell.
Casting: Sandblast (safe; 2% risk of failure)
Confirm with . or Enter, or press ? or * to list all spells.
You don't have enough magic to cast this spell.
Casting: Sandblast (safe; 2% risk of failure)
Confirm with . or Enter, or press ? or * to list all spells.
You don't have enough magic to cast this spell.
Casting: Sandblast (safe; 2% risk of failure)
Confirm with . or Enter, or press ? or * to list all spells.
You don't have enough magic to cast this spell.
You don't have enough magic to cast this spell.
Crazy Yiuf attacks as you move away!
Crazy Yiuf hits you with a +2 quarterstaff of chaos!
Crazy Yiuf attacks as you move away!
Crazy Yiuf hits you with a +2 quarterstaff of chaos.
* * * LOW HITPOINT WARNING * * *
Crazy Yiuf freezes you.
* * * LOW HITPOINT WARNING * * *
Magic courses through your body. Crazy Yiuf misses you.
Unknown command.
Casting: Sandblast (safe; 2% risk of failure)
Confirm with . or Enter, or press ? or * to list all spells.
Aiming: Sandblast (safe; 2% risk of failure)
Press: ? - help, Shift-Dir - straight line, f/p - Crazy Yiuf
Aim: Crazy Yiuf, wielding a +2 quarterstaff of chaos and wearing a +0 cloak (severely wounded, 83% to hit)
The blast of sand hits Crazy Yiuf.
Crazy Yiuf is severely wounded.
Crazy Yiuf hits you with a +2 quarterstaff of chaos.
You die...

#..#.# #<#....#############.#
#..#.######.#.....#..........#.#
...#..............#..#######.#.##
#..##########.#...#.## #.#..#
.............<......# ##.##.#
##################..# #..##.#
#..# #.##..# ### #######..#
#.##.## ..# ### ###.#.g@..>#
#.##.# ### #...##..#.......#
#.##.# #...'.####......# #.##.#
#)..### ##....## #.##.# ###
###### #.##.# #.##.# #.##.##
######### ##.##..# #####.......#
#..###.#


You could see Crazy Yiuf.

Vanquished Creatures
  Robin (D:2)
  2 adders (D:2)
  3 dart slugs
  3 endoplasms
  A giant cockroach (D:1)
  6 hobgoblins
  8 jackals
  3 kobolds
  A quokka (D:1)
  2 ball pythons (D:1)
  6 bats
  3 frilled lizards
  9 goblins
  3 rats
51 creatures vanquished.

Notes
Turn   | Place    | Note
-------+----------+-------------------------------------------
     0 | D:1      | Gwenloh the Gargoyle Earth Elementalist began the quest for
                  | the Orb.
     0 | D:1      | Reached XP level 1. HP: 10/10 MP: 3/3
   244 | D:1      | Reached XP level 2. HP: 16/16 MP: 5/5
   247 | D:1      | Learned a level 2 spell: Passwall
   326 | D:1      | Reached skill level 4 in Earth Magic
   541 | D:1      | Reached skill level 1 in Fighting
   935 | D:1      | Reached XP level 3. HP: 20/20 MP: 6/6
   939 | D:1      | Learned a level 3 spell: Stone Arrow
  2159 | D:2      | Noticed Robin
  2160 | D:2      | Reached XP level 4. HP: 25/25 MP: 7/7
  2168 | D:2      | Reached skill level 1 in Conjurations
  2198 | D:2      | Killed Robin
  2721 | D:2      | Reached skill level 5 in Earth Magic
  2817 | D:2      | Found a runed translucent door.
  2818 | D:2      | Noticed Crazy Yiuf
  3333 | D:2      | Slain by Crazy Yiuf

Illustrated notes

Levels and vault maps discovered:
D:1:      kilobyte_arrival_exit_the_forest, layout_loops_ring
D:2:      layout_basic, serial_co_window_serial, co_window_corner_a,
          co_window_corner_a, co_window_corner_a, co_window_paths_b,
          co_window_cross_1, co_window_corner_cb, co_window_corner_b,
          co_window_of_opportunity_c, co_window_corner_b, co_window_paths_c,
          co_window_4corner_b, co_window_4corner_a, uniq_crazy_yiuf_cottage,
          uniq_robin

Skill      XL: |  1  2  3  4 |
---------------+-------------+-----
Earth Magic    | 4 5 |  5.0
Fighting       | 1 |  1.8
Conjurations   | 1 |  1.2
Dodging        | |  1.5
Stealth        | |  2.1
Spellcasting   | |  2.6
Transmutations | |  0.7

Action                   |  1- 3 |  4- 6 || total
-------------------------+-------+-------++-------
Melee: Unarmed           |    34 |       ||    34
       Dagger            |    63 |       ||    63
       Punch             |     1 |       ||     1
       Whip              |    39 |    26 ||    65
 Fire: Hunting sling     |    11 |    18 ||    29
Throw: Dart              |     2 |       ||     2
 Cast: Sandblast         |    17 |    11 ||    28
  Use: Potion            |       |     1 ||     1
 Stab: Sleeping          |     4 |       ||     4
Armor: Robe              |    44 |    22 ||    66
Dodge: Dodged            |    79 |    30 ||   109

Table legend: (Time is in decaauts)
 A = Elapsed time spent in this place.
 B = Non-inter-level travel time spent in this place.
 C = Inter-level travel time spent in this place.
 D = Time resting spent in this place.
 E = Time spent auto-exploring this place.
 F = Levels seen in this place.
 G = Mean time per level.
                   A        B        C        D        E       F      G
               +--------+--------+--------+--------+--------+-----+--------+
         Total |   3346 |   3271 |     75 |     57 |   2627 |   2 | 1673.0 |
       Dungeon |   3346 |   3271 |     75 |     57 |   2627 |   2 | 1673.0 |
               +--------+--------+--------+--------+--------+-----+--------+

Top non-repeatable levels by time:
     D:2: 1740 daAuts
     D:1: 1606 daAuts
